 Dungeon Crawl Stone Soup version 0.32-a0-41-gec2d92a32c (webtiles) character file.

Game seed: 764265150348960226

2926 cforsyth the Fighter (level 10, 0/78 HPs)
             Began as a Djinni Enchanter on Jan 25, 2024.
             Was a Follower of Fedhas.
             Slain by a tengu warrior
             ... wielding a +0 war axe
              (20 damage)
             ... on level 7 of the Dungeon.
             The game lasted 00:16:51 (7889 turns).

cforsyth the Fighter (Djinni Enchanter)             Turns: 7889, Time: 00:16:51

Health: 0/78       AC:  2    Str:  7    XL:     10   Next: 7%
Gold:   483        EV: 12    Int: 22    God:    Fedhas [*.....] SH:  0 Dex: 13

rFire   + + .        m - +2 falchion (protect)
rCold   x . .        (no shield)
rNeg    + . .        b - +0 robe
rPois   ∞            (no helmet)
rElec   .            (no cloak)
rCorr   .            (no gloves)
SInv    .            (boots unavailable)
Will    +....        q - amulet of regeneration
Stlth   ++           j - ring of positive energy
HPRegen 1.13/turn    (no ring)
MPRegen 0.00/turn

%: infuse magic (-1 HP)
@: confusing by touch, liquefying, flying, slowed movement, very slow
A: sickness immunity, fire resistance 2, cold vulnerability 1, float, innate
caster, HP casting, extra vitality 1
a: Renounce Religion


You were on level 7 of the Dungeon.
You worshipped Fedhas.
Fedhas was aware of your devotion.
You visited 2 branches of the dungeon, and saw 10 of its levels.

You collected 503 gold pieces.
You spent 20 gold pieces at shops.

Inventory:

Hand Weapons
 a - a +1 dagger
 m - a +2 falchion of protection (weapon)
 z - a +2 falchion of flaming
Armour
 b - a +0 robe (worn)
Jewellery
 j - a ring of positive energy (left hand)
 q - an amulet of regeneration (around neck)
 r - a ring of protection from fire
Wands
 g - a wand of iceblast (10)
 k - a wand of polymorph (15)
 t - a wand of charming (14)
Scrolls
 e - 2 scrolls of noise {unknown}
 h - a scroll of enchant armour {unknown}
 l - 2 scrolls of teleportation {unknown}
 n - 2 scrolls of torment {unknown}
 o - a scroll of acquirement {unknown}
 s - a scroll of blinking
 x - a scroll of silence {unknown}
 y - a scroll of fear {unknown}
 A - a scroll of vulnerability {unknown}
Potions
 c - a potion of invisibility
 d - a potion of lignification
 f - a potion of heal wounds
 i - 2 potions of might
 p - 2 potions of enlightenment
 u - a potion of ambrosia {unknown}
 v - a potion of curing
 w - a potion of berserk rage


   Skills:
 + Level 9.5 Fighting
 - Level 0.8 Short Blades
 - Level 2.1 Dodging
 - Level 2.4 Stealth
 + Level 7.7 Spellcasting
 + Level 7.7 Conjurations
 + Level 7.7 Hexes
 + Level 7.7 Summonings
 + Level 7.7 Necromancy
 + Level 7.7 Translocations
 + Level 7.7 Fire Magic
 + Level 7.7 Ice Magic
 + Level 7.7 Air Magic
 + Level 7.7 Earth Magic
 + Level 7.7 Alchemy


You knew the following spells:

 Your Spells              Type           Power      Damage    Failure   Level
a - Ensorcelled Hibernat  Hex/Ice        84%        N/A       1%          2
b - Confusing Touch       Hex            42%        N/A       1%          3
c - Tukima's Dance        Hex            42%        N/A       1%          3
d - Dazzling Flash        Conj/Hex       84%        N/A       1%          3
e - Apportation           Tloc           84%        N/A       1%          1
f - Scorch                Fire           84%        2d8       1%          2
g - Mercury Vapours       Alch/Air       84%        N/A       1%          2
h - Leda's Liquefaction   Alch/Erth      21%        N/A       3%          4
Your spell library was empty.

Dungeon Overview and Level Annotations

Branches:
Dungeon (9/15)             Temple (1/1) D:5
   Lair: D:8-11         Orc: D:9-12

Altars:
Cheibriados
Dithmenos
Elyvilon
Fedhas
Gozag
Hepliaklqana
Makhleb
Nemelex Xobeh
Qazlal
Ru
Trog
Uskayaw
Wu Jian
Xom
Yredelemnul
Zin
The Shining One

Shops:
D:4 *

Annotations:
D:5 1 runed translucent door, DeathSocks's ghost, amateur VSDe


Innate Abilities, Weirdness & Mutations

You are immune to sickness and miasma.
You are immune to poison.
Your flesh is very heat resistant. (rF++)
You are vulnerable to cold. (rC-)
You float through the air rather than walking.
You learn spells naturally, not from books.
Your magical power is your life essence.
You have superior vitality. (+4 MHP)


Message History

HP restored.
You fly downwards.
There is a stone staircase leading up here.
Casting: Ensorcelled Hibernation (safe; 1% risk of failure)
Confirm with . or Enter, or press ? or * to list all spells.
Okay, then.
Casting: Ensorcelled Hibernation (safe; 1% risk of failure)
Confirm with . or Enter, or press ? or * to list all spells.
The ground around you becomes liquefied!
Flames lash the tengu warrior.
The tengu warrior is moderately wounded.
The tengu warrior's fire resistance burns away.
Flames lash the tengu warrior.
The tengu warrior is burned terribly!
The tengu warrior is moderately wounded.
Flames lash the tengu warrior.
The tengu warrior is burned terribly!
The tengu warrior is moderately wounded.
The tengu warrior barely misses you. The tengu warrior pecks you.
The tengu warrior claws you.
Flames lash the tengu warrior.
The tengu warrior is burned terribly!
The tengu warrior is heavily wounded.
The tengu warrior slips past you!
The tengu warrior hits you with a +0 war axe!
The tengu warrior pecks you. The tengu warrior claws you.
You are too injured to fight recklessly!
You are too injured to fight recklessly!
Casting: Scorch (safe; 1% risk of failure)
Confirm with . or Enter, or press ? or * to list all spells.
Your hands begin to glow red.
The tengu warrior hits you with a +0 war axe!
The tengu warrior pecks you. The tengu warrior claws you.
The tengu warrior blocks your attack.
The tengu warrior is heavily wounded.
The tengu warrior barely misses you. The tengu warrior pecks you!
* * * LOW HITPOINT WARNING * * *
The tengu warrior closely misses you.
You closely miss the tengu warrior.
The tengu warrior is heavily wounded.
The tengu warrior hits you with a +0 war axe!!
You die...
Fedhas appreciates your contribution to the ecosystem.

#....# #.#........#
#....########.#........#####
#...........................
#....########?#........#####
#.(..##### #.#..........###
#....##..# #.#.......>#....
#....##..####.#........####.
#######....##.#........# ##
#.##Q@..#........# #
#.####....##..#### #..#
#<##..##.########
##.###.###>...........
#.##..#......#.......
#.#.....####.########
#.#..#### #.# #.#....#####.#
#.##.#....##.#


You could see a tengu warrior (combustible).

Vanquished Creatures
  A troll (D:7)
  Menkaure (D:4)
  Edmund (D:5)
  Duvessa (D:5)
  3 water moccasins
  A sky beast (D:6)
  2 black bears (D:6)
  An ice beast (D:6)
  2 ogres
  A phantom (D:6)
  A kobold brigand (D:8)
  A bullfrog (D:7)
  2 scorpions (D:4)
  5 wights
  Dowan (D:5)
  A bombardier beetle (D:5)
  3 hounds
  2 jellies (D:7)
  2 orc priests
  A gnoll bouda (D:4)
  Jessica (D:2)
  An iguana (D:6)
  Ijyb (D:4)
  7 orc wizards
  Natasha (thrice) (D:4)
  Robin (D:2)
  3 adders
  11 gnolls
  A white imp (D:6)
  2 ufetubi (D:7)
  A dart slug (D:2)
  10 orcs
  A ball python (D:1)
  2 bats
  12 endoplasms
  2 giant cockroaches
  14 goblins
  10 hobgoblins
  6 jackals
  3 quokkas
  3 frilled lizards
  11 kobolds
  4 rats
143 creatures vanquished.

Vanquished Creatures (collateral kills)
  A wight (D:9)
1 creature vanquished.

Vanquished Creatures (others)
  A dancing weapon (D:4)
  A gnoll (D:4)
2 creatures vanquished.

Grand Total: 146 creatures vanquished

Notes
Turn   | Place    | Note
-------+----------+-------------------------------------------
     0 | D:1      | cforsyth the Djinni Enchanter began the quest for the Orb.
     0 | D:1      | cforsyth set off with the following spells memorised:
                  | Ensorcelled Hibernation, Confusing Touch, Tukima's Dance,
                  | Dazzling Flash.
     0 | D:1      | Reached XP level 1. HP: 15/15 MP: 0/0
   324 | D:1      | Reached XP level 2. HP: 22/22 MP: 0/0
   446 | D:1      | Reached skill level 1 in Fighting
  1028 | D:2      | Reached XP level 3. HP: 25/27 MP: 0/0
  1028 | D:2      | Learned a level 1 spell: Apportation
  1619 | D:2      | Reached skill level 2 in Fighting
  1792 | D:2      | Noticed Jessica
  1899 | D:2      | Killed Jessica
  1900 | D:2      | Reached XP level 4. HP: 30/34 MP: 0/0
  1974 | D:2      | Reached XP level 5. HP: 12/40 MP: 0/0
  1974 | D:2      | Learned a level 2 spell: Scorch
  2166 | D:2      | Reached skill level 3 in Fighting
  2198 | D:2      | Noticed Robin
  2270 | D:2      | Killed Robin
  2838 | D:3      | Found a glowing golden altar of the Shining One.
  3579 | D:4      | Noticed Natasha
  3589 | D:4      | Reached XP level 6. HP: 44/46 MP: 0/0
  3593 | D:4      | Killed Natasha
  3741 | D:4      | Reached skill level 4 in Fighting
  4170 | D:4      | Found Mulurch's General Store.
  4174 | D:4      | Noticed Natasha
  4179 | D:4      | Killed Natasha
  4191 | D:4      | Bought a scroll of identify for 20 gold pieces
  4229 | D:4      | Reached XP level 7. HP: 51/53 MP: 0/0
  4229 | D:4      | Learned a level 2 spell: Mercury Vapours
  4501 | D:4      | Noticed Ijyb
  4502 | D:4      | Reached skill level 5 in Fighting
  4519 | D:4      | Killed Ijyb
  4608 | D:4      | Noticed Natasha
  4613 | D:4      | Killed Natasha
  4614 | D:4      | Reached skill level 5 in Spellcasting
  4614 | D:4      | Reached skill level 5 in Conjurations
  4614 | D:4      | Reached skill level 5 in Hexes
  4614 | D:4      | Reached skill level 5 in Summonings
  4614 | D:4      | Reached skill level 5 in Necromancy
  4614 | D:4      | Reached skill level 5 in Translocations
  4614 | D:4      | Reached skill level 5 in Fire Magic
  4614 | D:4      | Reached skill level 5 in Ice Magic
  4614 | D:4      | Reached skill level 5 in Air Magic
  4614 | D:4      | Reached skill level 5 in Earth Magic
  4614 | D:4      | Reached skill level 5 in Alchemy
  4758 | D:4      | Found a snail-covered altar of Cheibriados.
  4759 | D:4      | Found a bloodstained altar of Trog.
  4873 | D:5      | Entered Level 5 of the Dungeon
  4912 | D:5      | Noticed Dowan
  4913 | D:5      | Noticed Duvessa
  4917 | D:5      | Noticed Edmund
  5106 | D:5      | Noticed a water moccasin
  5113 | D:5      | Killed a water moccasin
  5114 | D:5      | Reached XP level 8. HP: 56/61 MP: 0/0
  5257 | D:5      | Killed Edmund
  5258 | D:5      | Reached skill level 6 in Fighting
  5492 | D:5      | Found a staircase to the Ecumenical Temple.
  5553 | Temple   | Entered the Ecumenical Temple
  5560 | Temple   | Became a worshipper of Fedhas Madash
  5731 | D:5      | Killed Duvessa
  5805 | D:5      | Found a runed translucent door.
  5810 | D:5      | Noticed Menkaure
  5842 | D:4      | Killed Menkaure
  5843 | D:4      | Reached skill level 7 in Fighting
  6088 | D:5      | Killed Dowan
  6109 | D:5      | Noticed DeathSocks's ghost (amateur VSDe)
  6248 | D:6      | You are sucked into a shaft and drop 3 floors!
  6501 | D:9      | Reached XP level 9. HP: 49/68 MP: 0/0
  6501 | D:9      | Learned a level 4 spell: Leda's Liquefaction
  6837 | D:6      | Found a basalt altar of Yredelemnul.
  6877 | D:6      | Reached skill level 8 in Fighting
  6958 | D:6      | Reached * piety under Fedhas
  7635 | D:7      | Reached skill level 9 in Fighting
  7771 | D:7      | Noticed a troll
  7786 | D:7      | Killed a troll
  7787 | D:7      | Reached XP level 10. HP: 71/78 MP: 0/0
  7822 | D:8      | Found a hazy altar of Hepliaklqana.
  7825 | D:8      | Noticed a death knight
  7826 | D:8      | Noticed a tengu warrior
  7826 | D:8      | Noticed a deep elf pyromancer
  7889 | D:7      | Slain by a tengu warrior

Illustrated notes

Levels and vault maps discovered:
D:1:      psy_arrival_whirlpool, layout_loops_ring, roderic_lattice_a,
          minmay_gold_behind_fungi, minmay_misc_feat_cross
D:2:      minmay_wonky_spiral, layout_basic, serial_co_window_serial,
          co_window_of_opportunity_a, co_window_paths_a, co_window_cross_1,
          co_window_corner_a, co_window_corner_a, co_window_corner_b,
          co_window_corner_cb, co_window_broadway_c, glass_columns_a,
          glass_columns_b, glass_columns_c, glass_columns_a, glass_columns_c,
          uniq_robin, uniq_jessica
D:3:      layout_basic, tso_metal_star
D:4:      layout_loops_corners, mainiacjoe_overflow_big_doors, serial_shops,
          nicolae_shop_gibbet_a_chance, guppyfry_early_orc_mine, uniq_ijyb,
          uniq_natasha
D:5:      layout_rooms, minmay_temple_entry_junction_2, ebering_ghost_sewer_d,
          uniq_edmund, uniq_duvessa, uniq_menkaure
D:6:      layout_rooms, mainiacjoe_overflow_surrounded_room
D:7:      layout_rooms
D:8:      minmay_bloctagon_deflated, layout_rooms, overflow_temple_1_default,
          mainiacjoe_overflow_cross_hatched, gammafunk_ghost_split, uniq_erica
D:9:      kennysheep_blocky_room, layout_basic, kennysheep_little_box,
          mainiacjoe_overflow_small_starburst, lemuel_flame_loot_1, uniq_pikel
Temple:   nicolae_temple_superstar

Skill      XL: |  1  2  3  4  5  6  7  8  9 |
---------------+----------------------------+-----
Spellcasting   | 3 4 5 6 7 |  7.7
Conjurations   | 3 4 5 6 7 |  7.7
Hexes          | 3 4 5 6 7 |  7.7
Summonings     | 3 4 5 6 7 |  7.7
Necromancy     | 3 4 5 6 7 |  7.7
Translocations | 3 4 5 6 7 |  7.7
Fire Magic     | 3 4 5 6 7 |  7.7
Ice Magic      | 3 4 5 6 7 |  7.7
Air Magic      | 3 4 5 6 7 |  7.7
Earth Magic    | 3 4 5 6 7 |  7.7
Alchemy        | 3 4 5 6 7 |  7.7
Fighting       | 1 2 3 4 5 7 9 |  9.5
Short Blades   | |  0.8
Dodging        | |  2.1
Stealth        | |  2.4

Action                     |  1- 3 |  4- 6 |  7- 9 | 10-12 || total
---------------------------+-------+-------+-------+-------++-------
  Melee: Dagger            |   158 |    18 |       |       ||   176
         Punch             |     2 |     4 |       |       ||     6
         Falchion          |       |    23 |     2 |     2 ||    27
   Cast: Ensorcelled Hiber |     2 |     2 |     3 |     2 ||     9
         Confusing Touch   |     2 |     6 |     1 |     1 ||    10
         Scorch            |       |    68 |   164 |     6 ||   238
         Tukima's Dance    |       |       |    14 |       ||    14
         Mercury Vapours   |       |       |     4 |       ||     4
         Leda's Liquefacti |       |       |       |     1 ||     1
    Use: Scroll            |       |     5 |     3 |       ||     8
         Potion            |       |     1 |       |       ||     1
   Stab: Sleeping          |     4 |       |       |       ||     4
         Confused          |     2 |     3 |       |       ||     5
 Armour: Robe              |    84 |    35 |    52 |    16 ||   187
  Dodge: Dodged            |    97 |    43 |    48 |     4 ||   192

Table legend: (Time is in decaauts)
 A = Elapsed time spent in this place.
 B = Non-inter-level travel time spent in this place.
 C = Inter-level travel time spent in this place.
 D = Time resting spent in this place.
 E = Time spent auto-exploring this place.
 F = Levels seen in this place.
 G = Mean time per level.
                   A        B        C        D        E       F      G
               +--------+--------+--------+--------+--------+-----+--------+
         Total |   7901 |   7554 |    347 |   1245 |   4901 |  10 |  790.1 |
       Dungeon |   7887 |   7554 |    333 |   1245 |   4901 |   9 |  876.3 |
        Temple |     14 |      1 |     13 |      0 |      0 |   1 |   14.0 |
               +--------+--------+--------+--------+--------+-----+--------+

Top non-repeatable levels by time:
     D:4: 1690 daAuts
     D:2: 1596 daAuts
     D:1: 1102 daAuts
     D:3: 968 daAuts
     D:5: 948 daAuts
     D:6: 704 daAuts
     D:7: 465 daAuts
     D:9: 359 daAuts
     D:8: 51 daAuts
  Temple: 14 daAuts
